 Dungeon Crawl Stone Soup version 0.23-a0-494-g91793a9 (webtiles) character file.

160 Blackhawk the Skirmisher (level 5, -4/47 HPs)
             Began as a Minotaur Berserker on Dec 3, 2018.
             Was a Believer of Trog.
             Slain by Grinder (5 damage)
             ... while paralysed by Grinder
             ... on level 3 of the Dungeon.
             The game lasted 00:03:12 (2275 turns).

Blackhawk the Skirmisher (Minotaur Berserker)       Turns: 2275, Time: 00:03:13

Health: -4/47      AC:  2    Str: 23    XL:     5   Next: 17%
Magic:  4/4        EV:  2    Int:  4    God:    Trog [**....]
Gold:   160        SH:  0    Dex:  9    Spells: 4/4 levels left

rFire    . . .     SeeInvis .   k - +2 whip (drain)
rCold    . . .     Gourm    .   (no shield)
rNeg     . . .     Faith    .   b - +0 animal skin
rPois    .         Spirit   .   (helmet restricted)
rElec    .         Reflect  .   (no cloak)
rCorr    .         Harm     .   (no gloves)
MR       .....                  (no boots)
Stlth    +.........             (no amulet)
HPRegen  0.15/turn              (no ring)
MPRegen  0.09/turn              (no ring)

@: paralysed, berserk cooldown, slowed
A: retaliatory headbutt, horns 2
a: Berserk, Trog's Hand, Renounce Religion


You were on level 3 of the Dungeon.
You worshipped Trog.
Trog was pleased with you.
You were very hungry.

You visited 1 branch of the dungeon, and saw 3 of its levels.

You collected 160 gold pieces.

Inventory:

Hand Weapons
 a - a +0 hand axe
 k - a +2 whip of draining (weapon)
 m - a +0 hunting sling
Missiles
 g - 119 stones (quivered)
 h - 24 bolts
Armour
 b - a +0 animal skin (worn)
Jewellery
 e - a cursed ring of attention {unknown}
Scrolls
 i - 2 scrolls of identify {unknown}
 j - 2 scrolls of fog {unknown}
 l - 2 scrolls of enchant weapon {unknown}
 n - a scroll of teleportation {unknown}
Potions
 d - a potion of might {unknown}
 f - 3 potions of curing {unknown}
 o - a potion of berserk rage {unknown}
Comestibles
 c - 4 rations
 p - a chunk of flesh


   Skills:
 + Level 4.8 Fighting
 + Level 4.7 Axes
 + Level 3.8 Armour
 + Level 3.5 Dodging


You had 4 spell levels left.
You didn't know any spells.
Your spell library was empty.

Dungeon Overview and Level Annotations

Branches:
Dungeon (3/15)

Altars:

Annotations:
D:3 Grinder


Innate Abilities, Weirdness & Mutations

You reflexively headbutt those who attack you in melee.
You have a pair of horns on your head.


Message History

Grinder is severely wounded.
The orc closely misses you. Grinder hits you!
You writhe in agony.
* * * LOW HITPOINT WARNING * * *
The orc hits you with a +0 mace.
* * * LOW HITPOINT WARNING * * *
You completely miss Grinder. You headbutt Grinder!
Grinder is almost dead.
Grinder gestures at you.
You suddenly lose the ability to move!
The orc hits you with a +0 mace.
* * * LOW HITPOINT WARNING * * *
Grinder hits you.
* * * LOW HITPOINT WARNING * * *
You writhe in agony.
* * * LOW HITPOINT WARNING * * *
The orc completely misses you. Grinder gestures at you.
You resist with significant effort.
Some of the chunks of flesh in your inventory have rotted away.
Grinder hits you.
You die...

#.....##
#...<.#...............
#.....#......8.8......
#.....#...............
#.....# ....8.8....
#.....# .........
#.....## #.(...#
######'# #.5$..# #.#
#..@..# #.# #..o..#
##'#####.....#
#......###'###
#......# #.# #......#
#.######. #......#
#........ #####......#
#.####### #...#......#
#.#


You could see Grinder and an orc.

Vanquished Creatures
  A hound (D:3)
  A worker ant (D:3)
  3 gnolls (D:3)
  An adder (D:2)
  An ooze (D:3)
  3 dart slugs
  2 leopard geckos
  7 bats
  3 giant cockroaches
  8 goblins
  6 hobgoblins
  8 kobolds
  3 quokkas
  4 ball pythons
  2 frilled lizards (D:2)
  7 rats
  A fungus (D:2)
61 creatures vanquished.

Vanquished Creatures (others)
  3 toadstools (D:2)
3 creatures vanquished.

Grand Total: 64 creatures vanquished

Notes
Turn   | Place    | Note
-------+----------+-------------------------------------------
     0 | D:1      | Blackhawk the Minotaur Berserker began the quest for the
                  | Orb.
     0 | D:1      | Reached XP level 1. HP: 19/19 MP: 0/0
   337 | D:1      | Reached XP level 2. HP: 27/27 MP: 1/1
  1205 | D:2      | Reached XP level 3. HP: 33/33 MP: 2/2
  1216 | D:2      | Reached ** piety under Trog
  2000 | D:3      | Reached XP level 4. HP: 41/41 MP: 3/3
  2188 | D:3      | Reached XP level 5. HP: 47/47 MP: 4/4
  2258 | D:3      | Noticed Grinder
  2260 | D:3      | Paralysed by Grinder for 5 turns
  2273 | D:3      | Paralysed by Grinder for 6 turns
  2273 | D:3      | HP: 1/47 [Grinder (4)]
  2275 | D:3      | Slain by Grinder

Vault maps used:
D:1:      psy_arrival_radial01, minmay_misc_feat_four_crosses,
          minmay_shallow_snake_nest
D:2:      minmay_gold_behind_fungi, minmay_pentomino_pile
D:3:      first_ration, kennysheep_minor_cross, uniq_grinder

Skill      XL: |  1  2  3 |
---------------+----------+-----
Fighting       | 4 |  4.8
Axes           | 4 |  4.7
Armour         | 3 |  3.8
Dodging        | 3 |  3.5

Action                   |  1- 3 |  4- 6 || total
-------------------------+-------+-------++-------
Melee: Hand axe          |    14 |       ||    14
       Headbutt          |    17 |     8 ||    25
       Whip              |    72 |    25 ||    97
Invok: Berserk           |     1 |     2 ||     3
 Stab: Sleeping          |     1 |       ||     1
  Eat: Chunk             |     4 |     2 ||     6
Armor: Animal skin       |     8 |       ||     8
Dodge: Dodged            |    37 |    26 ||    63

Table legend:
 A = Non-vault XP
 B = Vault XP
 C = Vault XP percentage of total XP
 D = Non-vault monster count
 E = Vault monster count
 F = Vault count percentage of total count
                 A         B        C        D         E       F
            +---------+---------+-------+---------+---------+-------
      Total |     223 |       6 |   2.6 |      56 |       4 |   6.7
            +---------+---------+-------+---------+---------+-------
        D:1 |      25 |       1 |   3.8 |      14 |       1 |   6.7
        D:2 |      57 |       5 |   8.1 |      27 |       3 |  10.0
        D:3 |     141 |       0 |   0.0 |      15 |       0 |   0.0
            +---------+---------+-------+---------+---------+-------
